 Dungeon Crawl Stone Soup version 0.19.0-9-gfd783f2 (webtiles) character file.

42 Stormleaks the Vandal (level 3, -2/17 HPs)
             Began as a Spriggan Arcane Marksman on Nov 7, 2016.
             Slain by a worm (9 damage)
             ... on level 2 of the Dungeon.
             The game lasted 00:13:34 (2008 turns).

Stormleaks the Vandal (Spriggan Arcane Marksman)    Turns: 2008, Time: 00:13:35

Health: -2/17      AC:  2    Str:  6 (7)  XL:     3   Next: 35%
Magic:  6/6        EV: 18    Int: 11 (14) God:
Gold:   128        SH:  0    Dex: 15 (16) Spells: 0 memorised, 4 levels left

rFire  . . .     SeeInvis +     a - +1 hunting sling
rCold  . . .     Gourm    .     e - +0 robe
rNeg   . . .     Faith    .     (shield restricted)
rPois  .         Spirit   .     (helmet restricted)
rElec  .         Reflect  .     (no cloak)
rCorr  .         Harm     .     (gloves unavailable)
MR     .....                    (boots unavailable)
Stlth  ++........               (no amulet)
                                (no ring)
                                (no ring)

@: very quick
A: unfitting armour, see invisible, herbivore 3, speed 3, slow metabolism 2
a: no special abilities


You were on level 2 of the Dungeon.
You were not hungry.

You visited 1 branch of the dungeon, and saw 2 of its levels.

You collected 128 gold pieces.

Inventory:

Hand Weapons
 a - a +1 hunting sling (weapon)
Missiles
 b - 77 stones
 d - 9 sling bullets (quivered)
 i - 9 poisoned needles
Armour
 e - a +0 robe (worn)
 j - a +0 leather armour
Scrolls
 n - a scroll of remove curse
Potions
 g - a potion of heal wounds
Books
 c - a book of Debilitation

   Spells                             Type                      Level
   a - Corona                         Hexes                        1
   b - Slow                           Hexes                        2
   c - Gell's Gravitas                Hexes/Translocation          3
   d - Inner Flame                    Hexes/Fire                   3
   e - Cause Fear                     Hexes                        4
   f - Leda's Liquefaction            Hexes/Earth                  4
Comestibles
 f - 2 bread rations


   Skills:
 + Level 0.7 Fighting
 + Level 4.3 Slings
 + Level 3.2 Dodging
 + Level 0.4 Stealth
 + Level 1.3 Spellcasting
   Level 3.7 Hexes


You had 4 spell levels left.
You didn't know any spells.

Dungeon Overview and Level Annotations

Branches:
Dungeon (2/15)

Altars:
The Shining One


Innate Abilities, Weirdness & Mutations

You are very small and have problems with some larger weapons.
You are too small for most types of armour.
You have supernaturally acute eyesight. (SInv)
You are a herbivore.
You cover ground extremely quickly.
You need consume almost no food.


Message History

Aim: an orc, wielding a club (heavily wounded)
You shoot a sling bullet. The sling bullet barely misses the orc.
The adder closely misses you. The orc hits you with a club.
Firing (i - inventory. (,) - cycle):
d - 11 sling bullets (quivered)
Press: ? - help, Shift-Dir - straight line, f/p - orc
Aim: an orc, wielding a club (heavily wounded)
You shoot a sling bullet. The sling bullet hits the orc.
You kill the orc!
The adder closely misses you. The adder bites you.
Items here: $ ( ) † a sling bullet; a club; 9 gold pieces; an orc corpse You see here a sling bullet.
Firing (i - inventory. (,) - cycle):
d - 10 sling bullets (quivered)
Press: ? - help, Shift-Dir - straight line, f - worm
Aim: a worm You shoot a sling bullet.
The sling bullet hits the worm.
The worm is lightly wounded.
The adder barely misses you. The worm bites you!
Ouch! That really hurt!
You die...

#.#...#.. #.##..#.. .
#.##..#.. ..
#####.....#.####+## ...
#......#†##.#.....#
....##......#.##.#.....#
.........(..#..#.#......
......wS................
...##.@..####..##.....#
###### ##.######## #..#
# ##.## # #..# # ##.## #
#..# # ##.## # #####
#..# #


You could see a worm and an adder.

Vanquished Creatures
  2 oozes
  A worm (D:2)
  A leopard gecko (D:1)
  An orc (D:2)
  A giant cockroach (D:1)
  5 goblins
  4 hobgoblins
  6 bats
  2 frilled lizards (D:2)
  3 kobolds
  4 rats
30 creatures vanquished.

Notes
Turn   | Place    | Note
-------+----------+-------------------------------------------
     0 | D:1      | Stormleaks the Spriggan Arcane Marksman began the quest for the Orb.
     0 | D:1      | Reached XP level 1. HP: 9/9 MP: 3/3
   123 | D:1      | Found a glowing golden altar of the Shining One.
   452 | D:1      | Reached skill level 3 in Slings
   457 | D:1      | Reached XP level 2. HP: 11/14 MP: 5/5
  1180 | D:2      | Reached skill level 4 in Slings
  1180 | D:2      | Reached XP level 3. HP: 17/17 MP: 6/6
  2008 | D:2      | Slain by a worm

Skill      XL: |  1  2 |
---------------+-------+-----
Slings         | 3 4 |  4.3
Fighting       | |  0.7
Dodging        | |  3.2
Stealth        | |  0.4
Spellcasting   | |  1.3
Hexes          | |  3.7

Action                   || total
-------------------------++-------
 Fire: Hunting sling     ||    97
  Use: Scroll            ||     7
       Potion            ||     4
Armor: Robe              ||     6
Dodge: Dodged            ||    39
